AoeStats
← 牛油果

Arabia

503540958Analyzed
1v1 RM · 1mo ago on Sep 1, 2026· 34m 12s· 2 players
Game mode
Random Map
Map size
Tiny (2 player)
Population
200
Speed
Normal
Resources
Standard
Victory
Conquest
Starting age
Dark Age
Ending age
Imperial Age
RankedLock teamsTeams togetherTeam positionsShared explorationLock speedFull tech treeHidden civsTurbo modeCheats
Victory
Defeat
🇲🇽 Persians · Mexico
2006
+9
🇭🇰 Vietnamese · Hong Kong SAR China
1836
-9
Mahmoud Ahmadinejad
4:44 Loom
11:14 Feudal Age
13:10 Padded Archer Armor
13:26 Double-Bit Axe
13:57 Fletching
21:11 Castle Age
19:15 Horse Collar
20:56 Gold Mining
21:37 Bodkin Arrow
21:52 Bow Saw
22:24 Scale Barding Armor
22:32 Crossbowman
25:33 Chain Barding Armor
27:06 Forging
29:11 Iron Casting
30:06 Bloodlines
31:07 Devotion
31:55 Wheelbarrow
32:02 Husbandry
牛油果
8:43 Feudal Age
9:03 Loom
10:15 Double-Bit Axe
13:50 Horse Collar
18:55 Wheelbarrow
22:38 Castle Age
21:25 Bloodlines
22:00 Scale Barding Armor
22:38 Forging
23:35 Bow Saw
23:48 Chain Barding Armor
27:30 Fletching
28:32 Gold Mining
28:37 Bodkin Arrow
30:36 Husbandry
32:05 Devotion
32:17 Padded Archer Armor
Connection lost

Rejoining the realm…

Still unreachable

The connection could not be restored.

Session expired

The server has moved on; the page needs a fresh start.